 Dungeon Crawl Stone Soup version 0.27.1-4-g1640c2035a (console) character file.

Game seed: 2245787654181695192

3 unihiutale the Chiller (level 1, -1/15 HPs)
             Began as a Human Wanderer on Nov 4, 2021.
             Slain by a gnoll (6 damage)
             ... on level 1 of the Dungeon.
             The game lasted 00:01:42 (233 turns).

unihiutale the Chiller (Human Wanderer)              Turns: 233, Time: 00:01:42

Health: -1/15      AC:  2    Str: 12    XL:     1   Next: 55%
Magic:  2/2        EV: 11    Int: 11    God:
Gold:   0          SH:  0    Dex: 13    Spells: 2/2 levels left

rFire    . . .     SeeInvis .   d - +1 dagger (drain)
rCold    . . .     Faith    .   (no shield)
rNeg     . . .     Spirit   .   c - +0 robe
rPois    .         Reflect  .   (no helmet)
rElec    .         Harm     .   (no cloak)
rCorr    .         Rampage  .   (no gloves)
Will     .....                  (no boots)
Stlth    ++........             (no amulet)
HPRegen  0.05/turn              (no ring)
MPRegen  0.08/turn              (no ring)

@: no status effects
A: no striking features
a: no special abilities


You were on level 1 of the Dungeon.
You visited 1 branch of the dungeon, and saw 1 of its levels.

Inventory:

Hand Weapons
 a - a +2 dagger
 d - a +1 dagger of draining (weapon)
Armour
 c - a +0 robe (worn)
Potions
 b - a potion of heal wounds


   Skills:
 * Level 1.0 Fighting
 - Level 2.0 Short Blades
 - Level 2.0 Throwing
 - Level 1.0 Stealth
 - Level 1.0 Spellcasting
 - Level 1.0 Transmutations
 - Level 3.0 Ice Magic


You had 2 spell levels left.
You didn't know any spells.
Your spell library contained the following spells:

 Spells                   Type           Power      Damage    Failure   Level
 Freeze                   Ice            28%        1d5       10%         1
 Sting                    Tmut/Pois      4%         1d3       26%         1
 Frozen Ramparts          Ice            14%        1d3       28%         3
 Spider Form              Tmut/Pois      0%         N/A       61%         3


Dungeon Overview and Level Annotations

Branches:
Dungeon (1/15)

Altars:


Message History

The bat misses you. The bat closely misses you.
You hit the bat. You drain the bat.
You kill the bat!
Your Fighting skill increases to level 1!
The gnoll hits you with a +0 club.
* * * LOW HITPOINT WARNING * * *
You see here a bat corpse.
You see here 3 stones.
The gnoll hits you with a +0 club.
* * * LOW HITPOINT WARNING * * *
There is an open door here.
You close the door.
A gnoll opens the door.
You close the door.
A gnoll opens the door.
You close the door.
A gnoll opens the door.
You close the door.
A gnoll opens the door.
There's a creature in the doorway!
There's a creature in the doorway!
There's a creature in the doorway!
There's a creature in the doorway!
There's a creature in the doorway!
There's a creature in the doorway!
There's a creature in the doorway!
There's a creature in the doorway!
There's a creature in the doorway!
There's a creature in the doorway!
There's a creature in the doorway!
There's a creature in the doorway!
There's a creature in the doorway!
There's a creature in the doorway!
There's a creature in the doorway!
There's a creature in the doorway!
There's a creature in the doorway!
There's a creature in the doorway!
There's a creature in the doorway!
There's a creature in the doorway!
You hit the gnoll.
The gnoll is moderately wounded.
The gnoll hits you with a +0 club.
You die...

.### ...### #...#
#.#.##########
.g##.†....(...########
8. ########...##.....#
.. #.≈.##.....# .#
#.≈.##.....# #
#.≈..g@....#
#.≈.##.....#
#...##.....#
#...##..<..#
#.8.##.....#
#...######## #####


You could see a gnoll.

Vanquished Creatures
  A bat (D:1)
  A quokka (D:1)
  A kobold (D:1)
3 creatures vanquished.

Notes
Turn   | Place    | Note
-------+----------+-------------------------------------------
     0 | D:1      | unihiutale the Human Wanderer began the quest for the Orb.
     0 | D:1      | unihiutale set off with the following items: a +2 dagger, a
                  | potion of heal wounds, a +0 robe; and the following spells
                  | available to memorise: Freeze, Sting, Frozen Ramparts,
                  | Spider Form
     0 | D:1      | Reached XP level 1. HP: 13/13 MP: 2/2
   143 | D:1      | Reached skill level 1 in Fighting
   233 | D:1      | Slain by a gnoll

Illustrated notes

Levels and vault maps discovered:
D:1:      dpeg_arrival_rooms_c, layout_rooms, shapermc_ecumenical_altar_venn,
          lemuel_another_geyser

Skill      XL: |  1 |
---------------+----+-----
Fighting       | 1 |  1.0
Short Blades   | |  2.0
Throwing       | |  2.0
Stealth        | |  1.0
Spellcasting   | |  1.0
Transmutations | |  1.0
Ice Magic      | |  3.0

Action                   || total
-------------------------++-------
Melee: Dagger            ||     7
Dodge: Dodged            ||     2
